 Dungeon Crawl Stone Soup version 0.31-a0-1005-gfbdfbacc72 (webtiles) character file.

Game seed: 13842624655923089405

22578120 Slobodan the Cryomancer (level 27, 199/199 HPs)
             Began as a Deep Elf Hexslinger on Nov 9, 2023.
             Was the Champion of Ashenzari.
             Escaped with the Orb
             ... and 15 runes on Nov 11, 2023!
             The game lasted 13:17:22 (67025 turns).

Slobodan the Cryomancer (Deep Elf Hexslinger)      Turns: 67025, Time: 13:17:23

Health: 199/199    AC: 27    Str:  7    XL:     27
Magic:  56/56      EV: 35    Int: 29    God:    Ashenzari [******]
Gold:   8578       SH:  0    Dex: 24    Spells: 4/80 levels left

rFire   + + +        a - +27 heavy crossbow "Sniper" {heavy, Acc+∞ SInv, Range, Fort} (curse)
rCold   + . .        (shield currently unavailable)
rNeg    + . .        D - +6 leather armour of Ashenzari's Repose {rN+, Self, Melee} (curse)
rPois   .            o - +3 helmet "I Foresaw This" {rF+ rC+, Cun, Fort} (curse)
rElec   +            b - +2 cloak "Restrained Together" {Will+, Range, Self} (curse)
rCorr   .            k - +2 pair of gloves of Star-Bound Wisdom {Dex+3, Bglg, Elem} (curse)
SInv    +            T - +3 pair of mountain boots {steadfast, rC+, Comp, Cun} (curse)
Will    +++..        V - amulet of the Fated Lethargy {Spirit +Blink rElec rC- Int+8, Bglg, Cun} (curse)
Stlth   +++          U - ring of the Mage {Wiz Archmagi, Self, Fort} (curse)
HPRegen 1.33/turn    C - ring "Apathy of Ashenzari" {Fly rF+++ Dex-4 Slay+4 Stlth-, Self, Range} (curse)
MPRegen 0.35/turn

%: clarity, guardian spirit, wizardry (x1), archmagi
@: flying, studying 3 skills
A: hooves 1, deformed body, dopey 1, regeneration 1, inability to drink after
injury 1
0: Orb of Zot
}: 15/15 runes: serpentine, barnacled, slimy, silver, golden, iron, obsidian,
icy, bone, abyssal, demonic, glowing, magical, fiery, dark
a: Renounce Religion, Evoke Blink, Shatter the Chains


You escaped.
You worshipped Ashenzari.
Ashenzari was exalted by your worship.
You visited 18 branches of the dungeon, and saw 88 of its levels.
You visited Pandemonium 1 time, and saw 14 of its levels.
You visited the Abyss 2 times.
You visited 2 bazaars.
You also visited: Desolation.

You collected 15197 gold pieces.
You spent 6619 gold pieces at shops.

Inventory:

Hand Weapons
 a - the cursed +27 heavy crossbow "Sniper" (weapon) {heavy, Acc+∞ SInv, Range, Fort}
   (You found it on level 3 of the Elven Halls)

   Acc+∞: It never misses its target.
   SInv:      It lets you see invisible.
   It has a curse which improves the following skills: Ranged Combat: Ranged
   Weapons and Throwing.
   Fortitude: Armour and Shields.
 h - the +10 arbalest of Earthquakes {antimagic, rCorr Str-5 Int+3}
   (You found it on level 7 of Tartarus)

   Str-5:     It affects your strength (-5).
   Int+3:     It affects your intelligence (+3).
   rCorr:     It protects you from acid and corrosion.
Missiles
 y - 12 curare-tipped darts
 N - 4 throwing nets
Armour
 b - the cursed +2 cloak "Restrained Together" (worn) {Will+, Range, Self}
   (You found it on level 1 of the Snake Pit)

   It has a curse which improves the following skills: Ranged Combat: Ranged
   Weapons and Throwing.
   Introspection: Fighting and Spellcasting.
 k - the cursed +2 pair of gloves of Star-Bound Wisdom (worn) {Dex+3, Bglg, Elem}
   (You found it on level 5 of the Pits of Slime)

   Dex+3:     It affects your dexterity (+3).
   It has a curse which improves the following skills: Beguiling: Conjurations,
   Hexes and Translocations.
   Elements:  Fire Magic, Ice Magic, Air Magic and Earth Magic.
 o - the cursed +3 helmet "I Foresaw This" (worn) {rF+ rC+, Cun, Fort}
   (You found it on level 3 of the Snake Pit)

   rF+:       It protects you from fire.
   rC+:       It protects you from cold.
   It has a curse which improves the following skills: Cunning: Dodging and
   Stealth.
   Fortitude: Armour and Shields.
 D - the cursed +6 leather armour of Ashenzari's Repose (worn) {rN+, Self, Melee}
   (You found it on level 5 of the Pits of Slime)

   rN+:       It protects you from negative energy.
   It has a curse which improves the following skills: Introspection: Fighting
   and Spellcasting.
   Melee Combat: Short Blades, Long Blades, Axes, Maces & Flails, Polearms,
   Staves and Unarmed Combat.
 T - the cursed +3 pair of mountain boots (worn) {steadfast, rC+, Comp, Cun}
   (You bought it in a shop on level 3 of the Elven Halls)

   Steadfast: It prevents involuntary movement, except for blinking,
   teleportation, or banishment.
   rC+:       It protects you from cold.
   It has a curse which improves the following skills: Companions: Summonings
   and Necromancy.
   Cunning:   Dodging and Stealth.
Jewellery
 d - the ring "Ucwyoz" {rC+ rCorr Int+3 Stlth+}
   (You found it on level 7 of Tartarus)

   [ring of protection from cold]

   Int+3:     It affects your intelligence (+3).
   rC+:       It protects you from cold.
   rCorr:     It protects you from acid and corrosion.
   Stlth+:    It makes you more stealthy.
 C - the cursed ring "Apathy of Ashenzari" (right hand) {Fly rF+++ Dex-4 Slay+4 Stlth-, Self, Range}
   (You acquired it on level 4 of the Lair of Beasts)

   [ring of slaying]

   Dex-4:     It affects your dexterity (-4).
   Slay+4:    It affects your accuracy & damage with ranged weapons and melee
   (+4).
   rF+++:     It renders you almost immune to fire.
   Fly:       It grants you flight.
   Stlth-:    It makes you less stealthy.
   It has a curse which improves the following skills: Introspection: Fighting
   and Spellcasting.
   Ranged Combat: Ranged Weapons and Throwing.
 U - the cursed ring of the Mage (left hand) {Wiz Archmagi, Self, Fort}
   (You found it on level 3 of the Elven Halls)

   [ring of wizardry]

   Wiz:       It improves your spell success rate.
   Archmagi:  It increases the power of your magical spells.
   It has a curse which improves the following skills: Introspection: Fighting
   and Spellcasting.
   Fortitude: Armour and Shields.
 V - the cursed amulet of the Fated Lethargy (around neck) {Spirit +Blink rElec rC- Int+8, Bglg, Cun}
   (You found it in the Desolation of Salt)

   [amulet of guardian spirit]

   Spirit:    It causes incoming damage to be divided between your reserves of
   health and magic.
   Int+8:     It affects your intelligence (+8).
   rC-:       It makes you vulnerable to cold.
   rElec:     It insulates you from electricity.
   +Blink:    It lets you blink.
   It has a curse which improves the following skills: Beguiling: Conjurations,
   Hexes and Translocations.
   Cunning:   Dodging and Stealth.
Wands
 f - a wand of mindburst (22)
 i - a wand of iceblast (40)
 J - a wand of digging (8)
 Q - a wand of acid (32)
Scrolls
 c - 8 scrolls of amnesia
 e - 2 scrolls of summoning
 l - a scroll of fog
 r - 2 scrolls of blinking
 s - 10 scrolls of teleportation
 t - 9 scrolls of vulnerability
 v - 11 scrolls of poison
 w - 3 scrolls of torment
 I - 10 scrolls of fear
 L - 6 scrolls of immolation
 M - a scroll of silence
Potions
 m - 10 potions of attraction
 p - a potion of brilliance
 q - 8 potions of curing
 B - 10 potions of mutation
 H - 5 potions of lignification
 O - 2 potions of enlightenment
 R - a potion of ambrosia
Miscellaneous
 j - a phantom mirror
 n - the horn of Geryon (inert)
 G - a phial of floods (inert)
 P - a box of beasts


   Skills:
 - Level 21.7(27) Fighting
 - Level 22.8(27) Ranged Weapons
 - Level 14.1(18.8) Armour
 - Level 22.7(27) Dodging
 - Level 22.7(27) Stealth
 - Level 21.9(27) Spellcasting
 - Level 21.4(24.6) Conjurations
 - Level 16.5(20.0) Hexes
 - Level 15.6(18.0) Summonings
 - Level 13.6(16.0) Necromancy
 - Level 14.5(18.1) Translocations
 - Level 24.0(26.1) Fire Magic
 - Level 25.3(27) Ice Magic
 - Level 7.4(10.0) Earth Magic
 + Level 14.9 Evocations


You had 4 spell levels left.
You knew the following spells:

 Your Spells              Type           Power      Damage    Failure   Level
a - Malign Gateway        Summ/Tloc      60%        N/A       1%          7
b - Polar Vortex          Ice            69%        12d9*     1%          9
c - Ignition              Fire           68%        3d18      1%          8
d - Dimensional Bullseye  Hex/Tloc       61%        N/A       0%          4
e - Borgnjor's Revivific  Necr           57%        N/A       3%          8
f - Apportation           Tloc           100%       N/A       0%          1
g - Disjunction           Tloc           60%        N/A       1%          8
h - Leda's Liquefaction   Hex/Erth       56%        N/A       0%          4
i - Haunt                 Necr/Summ      58%        N/A       1%          7
j - Passage of Golubria   Tloc           100%       N/A       0%          4
l - Ozocubu's Refrigerat  Ice            69%        4d22      0%          7
m - Fire Storm            Conj/Fire      68%        8d17      1%          9

Your spell library contained the following spells:

 Spells                   Type           Power      Damage    Failure   Level
 Foxfire                  Conj/Fire      100%       2x1d9     0%          1
 Kiss of Death            Conj/Necr      100%       2d13      0%          1
 Magic Dart               Conj           100%       1d8       0%          1
 Necrotise                Necr           100%       1d9       0%          1
 Sandblast                Erth           100%       2d20      0%          1
 Shock                    Conj/Air       100%       1d9       0%          1
 Slow                     Hex            100%       N/A       0%          1
 Summon Small Mammal      Summ           100%       N/A       0%          1
 Call Imp                 Summ           100%       N/A       0%          2
 Ensorcelled Hibernation  Hex/Ice        100%       N/A       0%          2
 Jinxbite                 Hex            100%       N/A       0%          2
 Lesser Beckoning         Tloc           100%       N/A       0%          2
 Scorch                   Fire           100%       2d9       0%          2
 Static Discharge         Conj/Air       100%       3-8/arc   0%          2
 Sublimation of Blood     Necr           100%       N/A       0%          2
 Call Canine Familiar     Summ           100%       N/A       0%          3
 Confusing Touch          Hex            100%       N/A       0%          3
 Dazzling Flash           Conj/Hex       100%       N/A       0%          3
 Gell's Gravitas          Tloc           100%       N/A       0%          3
 Hailstorm                Conj/Ice       100%       3d20      0%          3
 Inner Flame              Hex/Fire       100%       N/A       0%          3
 Sigil of Binding         Hex            100%       N/A       0%          3
 Stone Arrow              Conj/Erth      100%       3d13      0%          3
 Summon Guardian Golem    Hex/Summ       100%       N/A       0%          3
 Teleport Other           Tloc           100%       N/A       0%          3
 Tukima's Dance           Hex            100%       N/A       0%          3
 Vampiric Draining        Necr           100%       2d13      0%          3
 Volatile Blastmotes      Fire/Tloc      100%       2d18      0%          3
 Anguish                  Hex/Necr       60%        N/A       0%          4
 Animate Dead             Necr           100%       N/A       0%          4
 Brom's Barrelling Bould  Conj/Erth      100%       2d11      0%          4
 Cause Fear               Hex            62%        N/A       0%          4
 Dispel Undead            Necr           100%       3d31      0%          4
 Flame Wave               Conj/Fire      100%       2d21      0%          4
 Fulminant Prism          Conj/Hex       64%        3d26      0%          4
 Iskenderun's Mystic Bla  Conj/Tloc      100%       2d19      0%          4
 Sticky Flame             Conj/Fire      100%       2d11      0%          4
 Summon Ice Beast         Ice/Summ       100%       N/A       0%          4
 Sting                    Tmut/Pois      100%       1d8       1%          1
 Cigotuvi's Dreadful Rot  Necr/Pois/Air  100%       N/A       1%          2
 Passwall                 Tmut/Erth      66%        N/A       1%          2
 Poisonous Vapours        Pois/Air       100%       N/A       1%          2
 Wereblood                Tmut           56%        N/A       1%          2
 Ignite Poison            Fire/Tmut/Pois 94%        N/A       1%          3
 Mephitic Cloud           Conj/Pois/Air  92%        N/A       1%          3
 Swiftness                Air            57%        N/A       1%          3
 Animate Armour           Summ/Erth      100%       N/A       1%          4
 Petrify                  Tmut/Erth      80%        N/A       1%          4
 Summon Lightning Spire   Summ/Air       95%        N/A       1%          4
 Vhi's Electric Charge    Tloc/Air       100%       N/A       1%          4
 Airstrike                Air            28%        2d(5-21)  3%          4
 Olgreb's Toxic Radiance  Pois           56%        N/A       3%          4
 Fireball                 Conj/Fire      68%        3d26      0%          5
 Freezing Cloud           Conj/Ice/Air   59%        6-21      0%          5
 Iskenderun's Battlesphe  Conj           100%       2d15      0%          5
 Metabolic Englaciation   Hex/Ice        66%        N/A       0%          5
 Summon Forest            Summ/Tloc      60%        N/A       0%          5
 Summon Mana Viper        Hex/Summ       100%       N/A       0%          5
 Simulacrum               Ice/Necr       64%        N/A       0%          6
 Starburst                Conj/Fire      68%        6d18      0%          6
 Agony                    Necr           100%       N/A       1%          5
 Arcjolt                  Conj/Air       53%        1d63      1%          5
 Borgnjor's Vile Clutch   Necr/Erth      53%        N/A       1%          5
 Irradiate                Conj/Tmut      52%        3d29      1%          5
 Lee's Rapid Deconstruct  Erth           49%        3d23*     1%          5
 Silence                  Hex/Air        49%        N/A       1%          5
 Yara's Violent Unravell  Hex/Tmut       49%        3d19      1%          5
 Bombard                  Conj/Erth      59%        9d10      1%          6
 Conjure Ball Lightning   Conj/Air       53%        3x3d18    1%          6
 Death Channel            Necr           57%        N/A       1%          6
 Dispersal                Tloc           60%        N/A       1%          6
 Plasma Beam              Fire/Air       54%        2x1d69    1%          6
 Summon Cactus Giant      Summ           60%        N/A       1%          6
 Enfeeble                 Hex            62%        N/A       1%          7
 Spellforged Servitor     Conj/Summ      63%        N/A       1%          7
 Summon Hydra             Summ           60%        N/A       1%          7
 Discord                  Hex            62%        N/A       1%          8
 Lehudib's Crystal Spear  Conj/Erth      59%        10d14     1%          8
 Summon Horrible Things   Summ           60%        N/A       1%          8
 Infestation              Necr           57%        N/A       3%          8
 Dragon's Call            Summ           60%        N/A       21%         9
 Death's Door             Necr           57%        N/A       41%         9
 Maxwell's Capacitive Co  Air            28%        ∞         100%        8


Dungeon Overview and Level Annotations

Branches:
Dungeon (15/15)            Temple (1/1) D:6            Lair (5/5) D:8
 Shoals (4/4) Lair:3        Snake (4/4) Lair:3        Slime (5/5) Lair:5
    Orc (2/2) D:12            Elf (3/3) Orc:2        Vaults (5/5) D:13
  Crypt (3/3) Vaults:3       Tomb (3/3) Crypt:3      Depths (4/4) D:15
   Hell (visited)             Dis (7/7) Hell            Geh (7/7) Hell
    Coc (7/7) Hell            Tar (7/7) Hell            Zot (5/5) Depths:4
Desolation (visited)

Altars:
Ashenzari
Cheibriados
Elyvilon
Fedhas
Gozag
Hepliaklqana
Kikubaaqudgha
Makhleb
Nemelex Xobeh
Okawaru
Qazlal
Ru
Sif Muna
Trog
Vehumet
Wu Jian
Xom
Yredelemnul
Zin
Jiyva

Shops:
D:13 ?   Orc:2 !([*   Elf:2 (   Elf:3 ?[=!   Shoals:3 (   Snake:1 (:
Depths:1 *((

Portals:
Hell: Depths:1 Depths:2 Depths:3 Depths:4
Abyss: Depths:1 Depths:3
Pandemonium: Depths:2
Ziggurat: Depths:2

Annotations:
Shoals:3 1 runed translucent door, Ciuzocro's ghost, adept GnFi
Elf:2 4 runed translucent doors, MrCrawl's ghost, journeyman DrFE


Innate Abilities, Weirdness & Mutations

You have large cloven feet.
Armour fits poorly on your strangely shaped body.
You are dopey. (Int -2)
Your natural rate of healing is unusually fast.
You occasionally lose the ability to drink potions when taking damage.


Message History

Press: ? - help, Q - select action, (/) - cycle Shift-Dir - straight line, f/p - soul eater
Aim: a soul eater (lightly wounded, 100% to hit)
You shoot a bolt. The bolt hits the soul eater!!
The soul eater is heavily wounded.
The soul eater misses you. x2
Fire: a) +27 heavy crossbow "Sniper" {heavy, Acc+∞ SInv, Range, Fort} (curse)
Press: ? - help, Q - select action, (/) - cycle Shift-Dir - straight line, f/p - soul eater
Aim: a soul eater (heavily wounded, 100% to hit)
You shoot a bolt. The bolt hits the soul eater!!!!
You kill the soul eater!
Unknown command.
There is a stone staircase leading up here.
You fly upwards.
There is a stone staircase leading down here.
There is an open door here.
Aiming: Dig
Press: ? - help, Shift-Dir - straight line A rock wall.
This square is covered in magical glow.
The rock shatters into small pieces.
A Tzitzimitl comes into view.
Fire: a) +27 heavy crossbow "Sniper" {heavy, Acc+∞ SInv, Range, Fort} (curse)
Press: ? - help, Q - select action, (/) - cycle Shift-Dir - straight line, f - Tzitzimitl
Aim: a Tzitzimitl (100% to hit)
You shoot a bolt. The bolt hits the Tzitzimitl.
The Tzitzimitl is lightly wounded.
Unknown command.
Fire: a) +27 heavy crossbow "Sniper" {heavy, Acc+∞ SInv, Range, Fort} (curse)
Press: ? - help, Q - select action, (/) - cycle Shift-Dir - straight line, f/p - Tzitzimitl
Aim: a Tzitzimitl (lightly wounded, 100% to hit)
You shoot a bolt. The bolt hits the Tzitzimitl!!!!
You kill the Tzitzimitl!
Unknown command.
There is a stone staircase leading up here.
You fly upwards.
There is a stone staircase leading down here.
You see here a +1 sling.
A soul eater comes into view.
There is a staircase leading out of the dungeon here.
You have escaped!

#.##..##########.###########....#
....>.#..#.............#..####..#
#.##.##.#...............#.#......
#.##.###.......#.#.......#####...
.....##......#.#.#.#.)....# #.#†
#.##.##.....##.#.#.##.....# #.#.
#.##.##.......⌠#.#⌠.......# #)#.
#.##.##..#######.#######..####.#.
#.##............@....3...........
#.#####..#######.#######..#)##.#.
#.# #.....,.⌠#.#⌠.......#.##.#.
#.# #.....##.#.#.##.....#>##.#.
#.## #......#.#.#.#......#.##.#.
...# ##.......#.#......3##.##...
#..# #...............#.#.##..#
#..... ,#.............#..#......
#.##############)##########......


You could see a soul eater.

Vanquished Creatures
  Cerebov (Pan)
  Antaeus (Coc:7)
  Asmodeus (Geh:7)
  the Royal Jelly (Slime:5)
  Ereshkigal (Tar:7)
  the Serpent of Hell (Tar:7)
  Gloorx Vloq (Pan)
  Lom Lobon (Pan)
  6 dread liches
  2 orbs of fire (Zot:5)
  11 ancient liches
  Dispater (Dis:7)
  Mara (Depths:1)
  Mennas (Pan)
  4 juggernauts
  34 royal mummies
  22 shard shrikes
  5 Killer Klowns (Zot:5)
  3 pandemonium lords
  Vv (Depths:2)
  Margery (Vaults:5)
  Bai Suzhen (Vaults:2)
  Xtahua (Crypt:1)
  A curse toe (Zot:5)
  12 caustic shrikes
  Vashnia (Snake:3)
  Saint Roka (Vaults:1)
  Geryon (Hell)
  3 golden dragons
  Jory (Vaults:3)
  Nikola (Shoals:4)
  3 profane servitors
  14 doom hounds
  17 Tzitzimimeh
  14 Brimstone Fiends
  23 bone dragons
  An iron giant (Dis:4)
  23 Ice Fiends
  20 hellephants
  12 tentacled monstrosities
  2 spectral shard shrikes
  9 Hell Sentinels
  4 walking crystal tomes (Depths:2)
  A shard shrike zombie (Tar:6)
  Zenata (Vaults:2)
  2 electric golems
  A deep elf blademaster (Elf:3)
  10 liches
  24 Orb Guardians
  17 tainted leviathans
  3 quicksilver dragons
  Mlioglotl (Snake:3)
  19 Executioners (Pan)
  A walking frostbound tome (Depths:2)
  21 searing wretches
  14 sphinxes
  22 titans
  16 acid blobs
  23 ancient champions
  Asterion (Snake:2)
  4 tentacled starspawn
  2 death cobs
  Polyphemus (Shoals:3)
  2 draconian monks (Zot:5)
  13 tengu reavers
  5 storm dragons
  10 shadow dragons
  10 rockslimes
  Aizul (Depths:2)
  5 nagarajas
  7 azure jellies
  Ilsuiw (Shoals:2)
  11 frost giants
  Donald (Vaults:3)
  2 draconian knights (Zot:5)
  24 narguns
  4 revenants
  4 demonspawn warmongers
  2 imperial myrmidons (Desolation)
  23 fire giants
  10 quicksilver elementals
  14 iron dragons
  33 balrugs
  7 deep elf sorcerers
  A draconian scorcher (Geh:5)
  2 spectral juggernauts
  12 vault wardens
  4 ghouls (Crypt:2)
  8 shard shrike simulacra
  6 curse skulls
  4 draconian stormcallers
  Louise (Shoals:3)
  4 deep elf elementalists
  2 spectral caustic shrikes (Tar:3)
  3 cacodemons (Pan)
  21 very ugly things
  7 demonspawn corrupters
  A spriggan defender (Depths:2)
  6 draconian annihilators
  10 reapers
  11 stone giants
  2 juggernaut skeletons
  2 juggernaut zombies (Tar:6)
  12 quicksilver oozes
  40 war gargoyles
  13 ironbound preservers
  6 demonspawn blood saints
  5 ironbound thunderhulks
  20 elemental wellsprings
  Nessos (D:15)
  3 formless jellyfish
  8 deep elf demonologists
  4 green draconians
  6 vampire knights
  2 bennus (Tomb:2)
  An eleionoma (shapeshifter) (Vaults:5)
  4 black draconians
  5 demonspawn black suns
  13 wendigos
  4 purple draconians
  7 red draconians
  Azrael (Snake:1)
  4 lorocyprocas
  9 spark wasps
  3 white draconians
  The ghost of Wiebster667 the Geomancer, a journeyman DgEE (Orc:2)
  13 putrid mouths
  8 deep elf annihilators
  4 halazid warlocks (Desolation)
  6 dire elephants
  12 fire dragons
  15 ettins
  16 eidola
  6 crystal guardians
  11 iron golems
  10 deep elf death magi
  4 merfolk javelineers
  2 jiangshi (Crypt:1)
  15 green deaths
  11 yaktaur captains
  A spectral golden dragon (Tar:3)
  22 mummy priests
  11 blizzard demons (Pan)
  5 deep elf high priests
  Josephine (D:14)
  2 entropy weavers (shapeshifter) (Elf:1)
  8 ragged hierophants (Desolation)
  An entropy weaver (Vaults:1)
  5 merfolk impalers
  4 spectral spriggans
  A spectral iron giant (Tar:3)
  7 ice dragons
  13 salamander tyrants
  3 spriggan zombies
  34 vault guards
  8 great orbs of eyes
  5 peacekeepers
  10 rakshasas
  An ogre mage (Vaults:5)
  2 hydras
  8 centaur warriors
  A spectral shadow dragon (Tar:1)
  2 quicksilver dragon skeletons
  4 juggernaut simulacra
  5 merfolk avatars
  13 anacondas
  8 caustic shrike simulacra
  6 servants of whispers (Desolation)
  7 stokers
  An alligator snapping turtle (Shoals:2)
  3 death knights
  6 spriggan skeletons
  Erica (Lair:2)
  10 spriggan air magi
  3 hell beasts
  25 dancing weapons
  3 tengu warriors
  3 ironbound frosthearts
  4 merfolk aquamancers
  13 naga warriors
  5 two-headed ogres
  A boulder beetle (D:13)
  5 satyrs
  3 spectral stone giants
  8 death yaks
  7 deep troll earth magi
  68 death scarabs
  4 occultists
  7 shock serpents
  4 vampire magi
  25 hell hogs
  4 deep troll shamans
  5 thrashing horrors
  4 orc high priests
  23 naga sharpshooters
  5 spriggan berserkers
  13 demonic crawlers (Pan)
  13 soul eaters
  5 spriggans
  32 sun demons
  2 spectral nagas
  10 deep elf knights
  3 wretched stars
  Nergalle (Lair:2)
  8 salamander mystics
  A storm dragon zombie (Crypt:2)
  20 hell knights
  3 iron trolls
  A titan skeleton (Crypt:3)
  A skyshark (Shoals:2)
  30 skeletal warriors
  A golden dragon zombie (Crypt:3)
  9 crystal echidnas
  A spatial maelstrom (Abyss:4)
  11 sixfirhies (Pan)
  A bunyip zombie (Tomb:3)
  5 glowing orange brains
  2 quicksilver dragon simulacra
  25 shadow wraiths
  2 storm dragon skeletons
  Lodul (D:12)
  11 sea snakes
  7 naga ritualists
  An orb spider (Abyss:2)
  3 flayed ghosts
  27 deep trolls
  A bog body (Crypt:2)
  5 golden dragon skeletons
  5 shadow demons
  A sea snake (shapeshifter) (Depths:1)
  8 deep elf archers
  17 ironbound convokers
  3 spriggan simulacra
  2 bunyip skeletons
  17 necromancers
  An obsidian statue (Zot:5)
  8 orc knights
  8 arcanists
  2 shadow dragon skeletons
  12 phantasmal warriors
  2 anaconda skeletons
  A wolf spider (Vaults:5)
  2 shadow dragon zombies
  29 deep elf pyromancers
  2 fenstrider witch simulacra
  8 starcursed masses
  5 harpies
  An iron dragon zombie (Crypt:2)
  18 deep elf zephyrmancers
  The ghost of flestrin the Covert, a novice SpEn of Wu Jian (D:7)
  9 mana vipers
  4 orc sorcerers (Orc:2)
  16 cyclopes
  A spectral ettin (Tar:2)
  21 ugly things
  20 salamanders
  4 moths of wrath
  3 human skeletons
  15 fauns
  7 shining eyes
  A tengu skeleton (Vaults:3)
  7 elephants
  2 centaur zombies
  3 stone giant skeletons
  A manticore (shapeshifter) (Depths:3)
  12 merfolk sirens
  17 manticores
  18 naga magi
  A black mamba (shapeshifter) (Abyss:4)
  5 water nymphs
  A dire elephant zombie (Tomb:1)
  2 fire giant skeletons
  10 orange demons
  18 vault sentinels
  41 black mambas
  2 frost giant skeletons
  5 guardian serpents
  2 titan simulacra
  A water nymph (shapeshifter) (Vaults:5)
  4 molten gargoyles (Hell)
  4 rust devils (Hell)
  A storm dragon simulacrum (Coc:1)
  2 ice statues (Coc:7)
  28 smoke demons
  3 unseen horrors
  2 torpor snails
  A centaur skeleton (Crypt:2)
  A shock serpent skeleton (Crypt:2)
  2 naga zombies
  4 naga skeletons
  25 hellions
  6 cane toads
  A kobold demonologist (D:9)
  4 rime drakes
  2 sea snake zombies (Hell)
  2 komodo dragons (shapeshifter)
  A dire elephant skeleton (Crypt:3)
  7 yaktaurs
  2 tengu conjurers (Vaults:4)
  An alligator snapping turtle skeleton (Crypt:2)
  7 efreet
  7 freezing wraiths
  2 bunyip simulacra (Coc:1)
  52 guardian mummies
  An anaconda simulacrum (Coc:7)
  12 komodo dragons
  21 tormentors
  6 harpy zombies
  5 ice devils
  A golden dragon simulacrum (Coc:3)
  5 red devils
  22 merfolk
  4 silent spectres
  4 spectral harpies
  4 trolls
  A yellow draconian skeleton (Crypt:2)
  An ancient zyme (Abyss:2)
  2 sea snake skeletons (Hell)
  A hydra zombie (Hell)
  A wind drake (shapeshifter) (Vaults:5)
  12 hellwings (Pan)
  8 harpy skeletons
  18 large abominations
  8 polar bears
  3 meliai (D:14)
  2 human zombies (Vaults:1)
  An alligator simulacrum (Hell)
  14 snapping turtles
  10 hornets
  31 wind drakes
  28 dream sheep
  4 raiju
  Prince Ribbit (D:8)
  13 blink frogs
  A jumping spider zombie (Crypt:1)
  An ettin zombie (Vaults:4)
  A hydra skeleton (Hell)
  4 glass eyes
  31 saltlings (Desolation)
  A fire dragon zombie (Crypt:3)
  2 stone giant simulacra (Coc:1)
  A human simulacrum (Vaults:4)
  6 iron dragon simulacra
  A centaur simulacrum (D:15)
  55 flying skulls
  90 slime creatures
  Sigmund (D:6)
  12 water elementals
  4 air elementals
  A shadow (D:12)
  50 yaks
  3 dire elephant simulacra
  23 ushabtiu
  5 wyverns
  9 ynoxinuls
  5 wraiths (D:14)
  2 fire elementals
  2 naga simulacra
  3 alligator snapping turtle simulacra
  11 golden eyes
  2 steam dragons
  3 basilisks
  3 chaos spawn
  A human (shapeshifter) (D:13)
  A sea snake simulacrum (Hell)
  2 humans (D:13)
  A redback (Vaults:1)
  7 vampire mosquitoes
  7 neqoxecs
  3 elf skeletons
  A merfolk zombie (Crypt:2)
  2 spatial vortices (Abyss:4)
  2 wargs (Orc:1)
  An acid dragon (D:13)
  7 harpy simulacra
  4 hydra simulacra
  An ogre zombie (Vaults:1)
  37 nagas
  10 hell hounds
  12 water moccasins
  A glowing shapeshifter skeleton (Vaults:3)
  A demonspawn zombie (Crypt:1)
  A deep troll skeleton (Crypt:1)
  A sky beast (D:7)
  2 black mamba simulacra
  28 orc warriors
  2 black bears
  An ice dragon simulacrum (Crypt:2)
  16 ogres
  4 ettin simulacra
  4 boggarts (Vaults:2)
  9 small abominations
  17 wolves
  4 centaurs
  2 phantoms
  19 kobold brigands
  4 necrophages
  14 bullfrogs
  3 gnoll sergeants
  A deep troll simulacrum (Crypt:2)
  2 earth elementals (Elf:1)
  3 scorpions
  8 wights (D:8)
  13 killer bees (D:9)
  A howler monkey (D:10)
  4 crimson imps (Pan)
  2 hounds
  2 sleepcaps
  20 orc priests
  5 jellies
  A warg simulacrum (Orc:2)
  2 gnoll boudas
  6 iguanas
  24 orc wizards
  2 ogre skeletons
  37 mummies
  2 spectral orcs (Orc:2)
  29 gnolls
  2 ogre simulacra (Orc:2)
  7 adders
  3 white imps
  2 orc simulacra (Orc:2)
  An ufetubus (Elf:3)
  A worm (D:2)
  3 dart slugs
  66 orcs
  4 ball pythons
  5 bats
  A bat zombie (Crypt:1)
  10 endoplasms
  8 giant cockroaches
  34 goblins
  31 hobgoblins
  4 quokkas
  6 frilled lizards
  A gnoll skeleton (Crypt:1)
  26 kobolds
  A quokka zombie (Crypt:1)
  7 rats
  A rat zombie (Crypt:1)
  4 creeping infernos
  16 fire vortices
  2 starspawn tentacles (Abyss:2)
3546 creatures vanquished.

Vanquished Creatures (collateral kills)
  A juggernaut (Dis:7)
  2 royal mummies
  A Killer Klown (Zot:5)
  2 shard shrikes
  A caustic shrike (Dis:3)
  7 bone dragons
  A golden dragon (Depths:2)
  2 doom hounds
  An Ice Fiend (Coc:3)
  4 iron giants
  A tentacled monstrosity (Depths:3)
  A spectral shard shrike (Tar:5)
  3 tainted leviathans
  A deep elf blademaster (Elf:3)
  2 Orb Guardians (Zot:5)
  A quicksilver dragon (Vaults:5)
  A titan (Coc:5)
  2 deep elf master archers (Elf:3)
  2 ancient champions (Dis:7)
  A storm dragon (Depths:3)
  3 nagarajas
  3 tengu reavers
  A shadow dragon (Vaults:5)
  An azure jelly (Coc:1)
  A frost giant (Depths:2)
  3 vault wardens
  A nargun (Coc:7)
  An iron dragon (Dis:5)
  2 balrugs (Pan)
  A deep elf elementalist (Elf:3)
  A draconian shifter (Zot:5)
  A very ugly thing (Vaults:5)
  3 war gargoyles
  3 reapers
  An ironbound thunderhulk (Vaults:2)
  A stone giant (Depths:3)
  A caustic shrike skeleton (Crypt:2)
  An ironbound preserver (Vaults:4)
  A spriggan defender (Depths:2)
  A green draconian (Zot:5)
  A wendigo (Coc:7)
  A spectral titan (Tar:2)
  A putrid mouth (Tar:7)
  2 white draconians
  A yellow draconian (Zot:5)
  A spark wasp (Depths:3)
  A deep elf death mage (Elf:3)
  A green death (Pan)
  An eidolon (Tar:7)
  A kraken zombie (Hell)
  2 iron golems (Dis:4)
  A yaktaur captain (Vaults:3)
  A servant of whispers (Desolation)
  An ice dragon (Depths:2)
  A great orb of eyes (Vaults:4)
  2 vault guards
  A peacekeeper (Desolation)
  An ogre mage (Vaults:5)
  A salamander tyrant (Snake:1)
  A spriggan skeleton (Crypt:2)
  An anaconda (Snake:4)
  A centaur warrior (Vaults:1)
  A caustic shrike simulacrum (Coc:6)
  A naga warrior (Snake:1)
  A death scarab (Tomb:2)
  A demonic crawler (Hell)
  4 hell knights (Depths:1)
  A sun demon (Pan)
  A crystal echidna (Dis:7)
  3 skeletal warriors
  A salamander mystic (Snake:1)
  4 shadow wraiths
  2 deep trolls
  A quicksilver dragon simulacrum (Coc:4)
  A flayed ghost (Vaults:5)
  3 naga ritualists
  A deep elf archer (Elf:2)
  An orc knight (Vaults:5)
  A phantasmal warrior (Hell)
  An anaconda skeleton (Hell)
  A deep elf zephyrmancer (Elf:2)
  A deep elf pyromancer (Elf:1)
  2 ironbound convokers (Vaults:2)
  A shadow dragon skeleton (Vaults:4)
  A mana viper (Snake:1)
  3 necromancers
  2 human zombies (Vaults:4)
  A tengu skeleton (Vaults:4)
  An iron dragon zombie (Depths:2)
  A faun (Shoals:2)
  A naga zombie (Tomb:3)
  A cyclops (Shoals:3)
  2 naga magi
  3 black mambas
  4 vault sentinels
  A cane toad (shapeshifter) (Vaults:5)
  A titan simulacrum (Coc:5)
  A dire elephant skeleton (Crypt:2)
  A sea snake zombie (Hell)
  A tormentor (Coc:5)
  3 anaconda simulacra (Coc:1)
  6 ice devils (Hell)
  7 guardian mummies
  4 yaktaurs
  A troll (Vaults:5)
  2 harpy zombies
  A harpy skeleton (Tomb:3)
  A dream sheep (Shoals:3)
  10 saltlings (Desolation)
  6 slime creatures
  A slime creature (shapeshifter) (Vaults:5)
  A naga simulacrum (Coc:5)
  2 harpy simulacra (Coc:1)
  3 nagas
  A glowing shapeshifter skeleton (Vaults:3)
  An ettin simulacrum (Coc:3)
  An orc warrior (Vaults:5)
  A nameless horror (Hell)
  A spectral orc (Orc:2)
  12 mummies
  An ogre simulacrum (Orc:2)
  4 orcs
  2 fire vortices (Pan)
  3 tentacles (Hell)
227 creatures vanquished.

Vanquished Creatures (others)
  A tainted leviathan (Tar:4)
  68 eldritch tentacles
  A merfolk impaler (Shoals:4)
  A catoblepas (Shoals:4)
  A hell hog (Geh:2)
  A faun (Shoals:3)
  A snapping turtle (Shoals:4)
  A boggart (Vaults:2)
  A creeping inferno (Geh:2)
  57 fire vortices
  17 snaplasher vines
  12 starspawn tentacles
  3 tentacles (Hell)
165 creatures vanquished.

Grand Total: 3938 creatures vanquished

Notes
Turn   | Place    | Note
-------+----------+-------------------------------------------
     0 | D:1      | Slobodan the Deep Elf Hexslinger began the quest for the
                  | Orb.
     0 | D:1      | Reached XP level 1. HP: 11/11 MP: 5/5
    76 | D:1      | Reached XP level 2. HP: 16/16 MP: 6/6
   392 | D:1      | Learned a level 2 spell: Jinxbite
   440 | D:1      | Reached XP level 3. HP: 20/20 MP: 7/7
   634 | D:2      | Reached skill level 5 in Ranged Weapons
   798 | D:2      | Reached XP level 4. HP: 24/24 MP: 8/8
   802 | D:2      | Learned a level 3 spell: Sigil of Binding
  1660 | D:3      | Reached XP level 5. HP: 28/28 MP: 9/9
  2080 | D:3      | Reached XP level 6. HP: 30/33 MP: 10/10
  2137 | D:3      | Reached skill level 5 in Hexes
  2330 | D:4      | Learned a level 3 spell: Inner Flame
  2374 | D:4      | Reached skill level 1 in Fighting
  2624 | D:4      | Reached XP level 7. HP: 38/38 MP: 11/11
  2745 | D:5      | Entered Level 5 of the Dungeon
  2749 | D:5      | Reached skill level 1 in Stealth
  2762 | D:5      | Identified the +3 dagger of Actus Reus {chaos, Fragile rC++
                  | Int+4}
  2797 | D:5      | Found a sacrificial altar of Ru.
  3321 | D:6      | Noticed Sigmund
  3388 | D:6      | Reached XP level 8. HP: 48/48 MP: 9/12
  3542 | D:6      | Found a staircase to the Ecumenical Temple.
  3549 | Temple   | Entered the Ecumenical Temple
  3568 | Temple   | Became a worshipper of Ashenzari the Shackled
  3906 | D:7      | Reached skill level 5 in Fighting
  4113 | D:7      | Found a transporter.
  4118 | D:7      | Noticed a moth of wrath
  4192 | D:7      | Reached * piety under Ashenzari
  4204 | D:7      | Found an ancient bone altar of Kikubaaqudgha.
  4237 | D:7      | Found a bloodstained altar of Trog.
  4237 | D:7      | Noticed a two-headed ogre
  4239 | D:7      | Noticed flestrin's ghost (novice SpEn)
  4254 | D:7      | Found a transporter.
  4326 | D:7      | Reached skill level 5 in Dodging
  4455 | D:8      | Identified the +2 long sword "Lag Kusu" {heavy, rC+ rN+
                  | Int+3 Stlth+}
  4465 | D:8      | Reached skill level 1 in Evocations
  4504 | D:8      | Reached XP level 9. HP: 54/54 MP: 8/13
  4620 | D:8      | Noticed a death yak
  4706 | D:8      | Reached skill level 10 in Ranged Weapons
  4735 | D:8      | Noticed a komodo dragon
  4740 | D:8      | Killed a komodo dragon
  4986 | D:8      | Noticed Prince Ribbit
  4996 | D:8      | Killed Prince Ribbit
  4997 | D:8      | Reached ** piety under Ashenzari
  5083 | D:8      | Noticed a death yak
  5099 | D:8      | Found a staircase to the Lair.
  5110 | D:8      | Reached XP level 10. HP: 61/61 MP: 10/14
  5172 | D:8      | Noticed a death yak
  5305 | D:8      | Noticed a death yak
  5398 | D:8      | Learned a level 4 spell: Dimensional Bullseye
  5403 | Lair:1   | Entered Level 1 of the Lair of Beasts
  5529 | Lair:1   | Noticed a black mamba
  5548 | Lair:1   | Reached skill level 1 in Translocations
  6029 | Lair:1   | Reached *** piety under Ashenzari
  6332 | Lair:2   | Noticed a black mamba
  6349 | Lair:2   | Noticed a cane toad
  6359 | Lair:2   | Killed a cane toad
  6374 | Lair:2   | Noticed a death yak
  6374 | Lair:2   | Noticed a death yak
  6375 | Lair:2   | Noticed a death yak
  6375 | Lair:2   | Noticed a death yak
  6376 | Lair:2   | Noticed a death yak
  6496 | Lair:2   | Noticed Erica
  6501 | Lair:2   | Killed Erica
  6502 | Lair:2   | Reached XP level 11. HP: 67/67 MP: 6/15
  6509 | Lair:2   | Noticed Nergalle
  6629 | D:9      | Noticed a two-headed ogre
  6707 | D:9      | Killed a two-headed ogre
  6791 | D:9      | Identified the +1 robe of the Old World {rElec rCorr Int+2}
  7239 | D:9      | Learned a level 4 spell: Cause Fear
  7339 | D:9      | Identified the +0 robe of Limited Liability {Will- SInv
                  | Stlth+ Archmagi}
  7377 | D:9      | Reached skill level 10 in Hexes
  7419 | D:9      | Reached skill level 5 in Evocations
  7435 | D:9      | Reached skill level 5 in Spellcasting
  7535 | D:10     | Entered Level 10 of the Dungeon
  7732 | D:10     | Reached **** piety under Ashenzari
  7741 | D:10     | Learned a level 1 spell: Apportation
  7909 | D:10     | Noticed a two-headed ogre
  7928 | D:10     | Killed a two-headed ogre
  8197 | Lair:2   | Killed Nergalle
  8198 | Lair:2   | Reached XP level 12. HP: 73/79 MP: 13/24
  8222 | Lair:2   | Reached skill level 10 in Dodging
  8938 | Lair:2   | Killed a death yak
  8939 | Lair:2   | Reached skill level 10 in Fighting
  9018 | Lair:2   | Killed a death yak
  9059 | Lair:2   | Killed a death yak
  9253 | Lair:3   | Reached ***** piety under Ashenzari
  9352 | Lair:3   | Found a staircase to the Snake Pit.
  9377 | Lair:3   | Learned a level 1 spell: Summon Small Mammal
  9483 | Lair:3   | Reached skill level 1 in Summonings
  9511 | Lair:3   | Noticed a five-headed hydra
  9525 | Lair:3   | Killed a five-headed hydra
  9822 | Lair:3   | Found a staircase to the Shoals.
 10037 | Lair:4   | Reached XP level 13. HP: 82/88 MP: 16/25
 10161 | Lair:4   | Identified a scroll of acquirement
 10167 | Lair:4   | Acquired the ring of the Good {Fly rF+++ Dex-4 Slay+4
                  | Stlth-}
 10622 | Lair:5   | Entered Level 5 of the Lair of Beasts
 11025 | Lair:4   | Reached skill level 5 in Stealth
 11879 | Lair:5   | Found a staircase to the Slime Pits.
 11902 | Lair:5   | Learned a level 4 spell: Leda's Liquefaction
 11938 | Lair:5   | Reached skill level 1 in Earth Magic
 12194 | Lair:5   | Identified the ring "Boan" {Fly MP-9 Str+2 Int+4 Dex+3}
 12349 | D:6      | Killed Sigmund
 12350 | D:6      | Reached skill level 15 in Dodging
 12946 | D:12     | Reached XP level 14. HP: 96/96 MP: 22/26
 12950 | D:12     | Noticed Lodul
 12958 | D:12     | Killed Lodul
 13131 | D:12     | Found a staircase to the Orcish Mines.
 13335 | Orc:1    | Entered Level 1 of the Orcish Mines
 13527 | Orc:2    | Entered Level 2 of the Orcish Mines
 14005 | Orc:2    | Found a staircase to the Elven Halls.
 14153 | Orc:2    | Found a runed translucent gate.
 14153 | Orc:2    | Found a runed translucent gate.
 14154 | Orc:2    | Found a runed translucent gate.
 14155 | Orc:2    | Noticed Wiebster667's ghost (journeyman DgEE)
 14534 | Orc:2    | Found Sulemi's Antique Weapon Emporium.
 14534 | Orc:2    | Found Zenyczoq's Distillery.
 14535 | Orc:2    | Found Otefoih's Antique Armour Boutique.
 14536 | Orc:2    | Found Qom Taigga's Assorted Antiques.
 14550 | Orc:2    | Bought a scroll of teleportation for 90 gold pieces
 14550 | Orc:2    | Bought a scroll of teleportation for 90 gold pieces
 14558 | Orc:2    | Bought a pair of glowing gloves for 210 gold pieces
 14560 | Orc:2    | Bought a potion of mutation for 80 gold pieces
 14560 | Orc:2    | Bought a potion of haste for 100 gold pieces
 14560 | Orc:2    | Bought 2 potions of curing for 60 gold pieces
 14560 | Orc:2    | Bought a potion of curing for 30 gold pieces
 14560 | Orc:2    | Bought 2 potions of experience for 1000 gold pieces
 14560 | Orc:2    | Bought a potion of brilliance for 40 gold pieces
 14570 | Orc:2    | Learned a level 3 spell: Call Canine Familiar
 14570 | Orc:2    | Reached XP level 15. HP: 105/105 MP: 24/29
 14571 | Orc:2    | Reached XP level 16. HP: 111/111 MP: 24/30
 14740 | Shoals:1 | Entered Level 1 of the Shoals
 15026 | Shoals:1 | Identified the +9 plate armour of the Bagpipe {Slay+2}
 15382 | Shoals:2 | Found a flickering gateway to a bazaar.
 15396 | Bazaar   | Entered a bazaar
 15401 | Bazaar   | Found Arygg's Antique Weapon Boutique.
 15420 | Bazaar   | Found Kobytoc's Weapon Shop.
 15429 | Bazaar   | Found Jujooc's Jewellery Shop.
 15438 | Bazaar   | Found Saruch's Distillery.
 15445 | Bazaar   | Bought a potion of curing for 24 gold pieces
 15445 | Bazaar   | Bought a potion of enlightenment for 40 gold pieces
 15445 | Bazaar   | Bought a potion of invisibility for 64 gold pieces
 15479 | Bazaar   | Bought a runed arbalest for 135 gold pieces
 15507 | Shoals:2 | Noticed Ilsuiw
 15654 | Shoals:2 | Killed Ilsuiw
 15801 | Shoals:2 | Reached skill level 10 in Evocations
 16151 | Shoals:2 | Reached skill level 15 in Ranged Weapons
 16438 | Shoals:2 | Gained mutation: You are somewhat resistant to further
                  | mutation. [potion of mutation]
 16706 | Shoals:2 | Reached XP level 17. HP: 116/116 MP: 31/31
 16750 | Shoals:3 | Found Ferujull's Antique Weapon Emporium.
 17249 | Shoals:3 | Noticed Louise
 17410 | Shoals:3 | Killed Louise
 17534 | Shoals:3 | Found a runed translucent door.
 17559 | Shoals:3 | Noticed Ciuzocro's ghost (adept GnFi)
 17559 | Shoals:3 | Identified the +8 short sword of the Swamp {flame, Dex+3}
 17571 | Shoals:4 | Entered Level 4 of the Shoals
 17571 | Shoals:4 | Noticed Polyphemus
 17738 | Shoals:4 | Noticed Nikola
 17967 | Shoals:4 | Reached skill level 5 in Summonings
 17989 | Shoals:3 | Killed Polyphemus
 22091 | Shoals:4 | Identified the ring "Atze" {Will+ Int+6}
 22378 | Shoals:4 | Reached skill level 15 in Fighting
 22439 | Shoals:4 | Learned a level 4 spell: Passage of Golubria
 22472 | Shoals:4 | Got a barnacled rune of Zot
 22546 | Shoals:4 | Killed Nikola
 22638 | Lair:3   | Upgraded the game from 0.31-a0-1002-g8e65716e6e to
                  | 0.31-a0-1005-gfbdfbacc72
 22641 | Snake:1  | Entered Level 1 of the Snake Pit
 22661 | Snake:1  | Found Ynoclecs's Book Shoppe.
 22667 | Snake:1  | Found Woohisiwk's Weapon Emporium.
 23198 | Snake:1  | Found a transporter.
 23201 | Snake:1  | Found a radiant altar of Vehumet.
 23208 | Snake:1  | Learned a level 5 spell: Summon Forest
 23232 | Snake:1  | Noticed Azrael
 23244 | Snake:1  | Killed Azrael
 23332 | Snake:1  | Reached XP level 18. HP: 116/126 MP: 24/33
 23684 | Snake:1  | Found a transporter.
 24326 | Snake:2  | Reached skill level 5 in Translocations
 24843 | Snake:3  | Noticed Asterion
 24858 | Snake:2  | Killed Asterion
 24861 | Snake:2  | Reached ****** piety under Ashenzari
 25372 | Snake:3  | Noticed Mlioglotl
 25383 | Snake:3  | Killed Mlioglotl
 25470 | Snake:3  | Identified the +3 helmet of Duwiutibb {rF+ rC+}
 25545 | Snake:3  | Noticed Vashnia
 25962 | Snake:3  | Killed Vashnia
 26006 | Snake:4  | Entered Level 4 of the Snake Pit
 26167 | Snake:4  | Reached skill level 1 in Armour
 26462 | Snake:4  | Reached XP level 19. HP: 130/136 MP: 32/36
 26472 | Snake:4  | Identified the +0 storm dragon scales "Cikkicwir" {rElec
                  | rF+ Regen+ Stlth+}
 26691 | Snake:4  | Reached skill level 5 in Armour
 27199 | Snake:4  | Got a serpentine rune of Zot
 27485 | D:7      | Killed flestrin's ghost
 27679 | Orc:2    | Killed Wiebster667's ghost
 27901 | D:13     | Learned a level 7 spell: Ozocubu's Refrigeration
 28003 | D:13     | Reached skill level 1 in Ice Magic
 28047 | D:13     | Found Madyi's Magic Scroll Emporium.
 28052 | D:13     | Bought a scroll of fog for 52 gold pieces
 28052 | D:13     | Bought a scroll of immolation for 52 gold pieces
 28052 | D:13     | Bought a scroll of teleportation for 39 gold pieces
 28052 | D:13     | Bought a scroll of immolation for 52 gold pieces
 28052 | D:13     | Bought a scroll of blinking for 97 gold pieces
 28109 | D:13     | Reached skill level 2 in Ice Magic
 28161 | D:13     | Acquired 882 gold pieces
 28242 | D:13     | Reached skill level 3 in Ice Magic
 28252 | D:13     | Found a gate to the Vaults.
 28340 | D:14     | Noticed Josephine
 28343 | D:14     | Killed Josephine
 28383 | D:14     | Reached skill level 4 in Ice Magic
 28572 | D:14     | Reached skill level 5 in Ice Magic
 28739 | D:15     | Entered Level 15 of the Dungeon
 28823 | D:15     | Reached skill level 6 in Ice Magic
 28872 | D:15     | Noticed Nessos
 28875 | D:15     | Killed Nessos
 29270 | D:15     | Reached skill level 7 in Ice Magic
 29273 | D:15     | Found a staircase to the Depths.
 29418 | Desolati | Identified the "Waucvuv"
 29418 | Desolati | Identified the "Ruetwedd"
 29418 | Desolati | Identified the of Dehy
 29418 | Vaults:5 | Identified the "Peerphy"
 29418 | Elf:1    | Identified the "Meha"
 29418 | Elf:1    | Identified the "Acwoimud"
 29418 | Elf:1    | Entered Level 1 of the Elven Halls
 29465 | Elf:1    | Reached skill level 8 in Ice Magic
 29509 | Elf:1    | Reached skill level 9 in Ice Magic
 29553 | Elf:1    | Found a flickering gateway to a bazaar.
 29571 | Elf:1    | Reached skill level 10 in Ice Magic
 29589 | Bazaar   | Entered a bazaar
 29589 | Bazaar   | Found Iputoosm's Antique Weapon Emporium.
 29589 | Bazaar   | Found Seyroal's Armour Shoppe.
 29589 | Bazaar   | Found Sadyl's General Store.
 29591 | Bazaar   | Found Birchol's Distillery.
 29602 | Bazaar   | Bought a scroll of summoning for 114 gold pieces
 29602 | Bazaar   | Bought a scroll of fear for 48 gold pieces
 29602 | Bazaar   | Bought a potion of ambrosia for 96 gold pieces
 29605 | Bazaar   | Bought 2 potions of magic for 256 gold pieces
 29605 | Bazaar   | Bought a potion of enlightenment for 80 gold pieces
 29605 | Bazaar   | Bought a potion of heal wounds for 80 gold pieces
 29897 | Elf:1    | Reached skill level 11 in Ice Magic
 29897 | Elf:1    | Reached XP level 20. HP: 134/142 MP: 38/38
 30184 | Elf:1    | Learned a level 7 spell: Malign Gateway
 30355 | Elf:2    | Found Vysagisch's Weapon Emporium.
 30604 | Elf:2    | Found a runed translucent door.
 30605 | Elf:2    | Found a shimmering altar of Xom.
 30605 | Elf:2    | Noticed MrCrawl's ghost (journeyman DrFE)
 30721 | Elf:2    | Found a runed translucent gate.
 30721 | Elf:2    | Found a runed translucent gate.
 30721 | Elf:2    | Found a runed translucent gate.
 30895 | Elf:3    | Identified the "Wamuwkau"
 30895 | Elf:3    | Identified the of Acreowaidd
 30895 | Elf:3    | Identified the "Mucsusergh"
 30895 | Elf:3    | Identified the "Ago Nauzog"
 30895 | Elf:3    | Entered Level 3 of the Elven Halls
 30899 | Elf:3    | Found Okophu's Antique Armour Boutique.
 30907 | Elf:3    | Bought the +3 pair of mountain boots {steadfast, rC+} for
                  | 1239 gold pieces
 30907 | Elf:3    | Found the +3 pair of mountain boots {steadfast, rC+}
 30926 | Elf:3    | Found Sinishue's Magic Scroll Boutique.
 30974 | Elf:3    | Found Erheax's Jewellery Boutique.
 31016 | Elf:3    | Found Qobal's Distillery.
 31091 | Elf:3    | Reached skill level 12 in Ice Magic
 31140 | Elf:3    | Reached skill level 10 in Translocations
 31347 | Abyss:2  | Cast into level 2 of the Abyss (a deep elf demonologist)
 31406 | Abyss:2  | Found a corrupted altar of Lugonu.
 31573 | Abyss:2  | Found a hide-covered altar of Uskayaw.
 31574 | Abyss:2  | Found a hide-covered altar of Uskayaw.
 31574 | Abyss:2  | Found a hide-covered altar of Uskayaw.
 31575 | Abyss:2  | Found a corrupted altar of Lugonu.
 31611 | Abyss:2  | Reached skill level 10 in Summonings
 31624 | Abyss:2  | Found a corrupted altar of Lugonu.
 31648 | Abyss:2  | Found a corrupted altar of Lugonu.
 31658 | Abyss:2  | Noticed an ancient lich
 31666 | Abyss:2  | Killed an ancient lich
 31669 | Elf:3    | Escaped the Abyss
 31770 | Elf:3    | Reached skill level 13 in Ice Magic
 31835 | Elf:3    | Identified the +9 plate armour of the Mertaur {Drain rElec
                  | MP+9 Slay+4}
 31850 | Elf:3    | Found the ring of the Mage {Wiz Archmagi}
 31850 | Elf:3    | Identified the +1 rapier "Jachiod" {pain, rPois rF+ Will+
                  | Int-2 Dex+2}
 31871 | Elf:3    | Identified the +8 flail of the Mind {flame, Fly rF+ Dex-4}
 31889 | Elf:3    | Found the +27 heavy crossbow "Sniper" {heavy, Acc+∞ SInv}
 31960 | Elf:3    | Identified the amulet of the Median {RegenMP rC+}
 32066 | Elf:3    | Bought a masterwork helmet for 351 gold pieces
 32066 | Elf:3    | Identified the +2 helmet of Free Will {Dex+4} (You bought
                  | it in a shop on level 3 of the Elven Halls)
 32225 | Vaults:1 | Entered Level 1 of the Vaults
 32561 | Vaults:1 | Noticed Saint Roka
 32565 | Vaults:1 | Killed Saint Roka
 32830 | Vaults:1 | Reached XP level 21. HP: 132/144 MP: 23/38
 33224 | Vaults:2 | Noticed Bai Suzhen
 33235 | Vaults:2 | Killed Bai Suzhen
 33416 | Vaults:2 | Noticed Zenata
 33424 | Vaults:2 | Killed Zenata
 34093 | Vaults:3 | Found a crumbling gateway.
 34105 | Desolati | Entered the Desolation of Salt
 34208 | Desolati | Identified the +4 scimitar of Exoneration {freeze, +Blink
                  | Dex+5}
 34217 | Desolati | Identified the ring of Elecipn {rPois Will+ Str-4 Dex+3}
 34573 | Desolati | Identified the +10 sling "Punwoh" {flame, *Slow Str+6}
 34737 | Desolati | Identified the amulet of Keyri {Spirit +Blink rElec rC-
                  | Int+8}
 34741 | Desolati | Identified the staff of the Eternal Warrior {rF+ Int+2
                  | Fire}
 34917 | Vaults:3 | Noticed Donald
 34922 | Vaults:3 | Killed Donald
 34999 | Vaults:3 | Reached skill level 10 in Spellcasting
 35143 | Vaults:3 | Noticed Jory
 35152 | Vaults:3 | Killed Jory
 35347 | Vaults:3 | Learned a level 9 spell: Polar Vortex
 35539 | Vaults:3 | Reached XP level 22. HP: 121/150 MP: 27/43
 35872 | Vaults:4 | Reached skill level 14 in Ice Magic
 36362 | Vaults:4 | Reached skill level 15 in Ice Magic
 36457 | Vaults:4 | Found the -2 hat of the Alchemist {rElec rPois rF+ rC+ rN+
                  | Will+ rMut rCorr}
 36460 | Vaults:4 | Found a radiant altar of Vehumet.
 36460 | Vaults:4 | Identified the +1 robe of Vexation {rElec Str+4 Dex-4}
 36460 | Vaults:4 | Identified the +1 robe "Moiner" {+Blink rElec Dex-3 Stlth+}
 36487 | Vaults:4 | Learned a level 8 spell: Disjunction
 36720 | Depths:1 | Entered Level 1 of the Depths
 36839 | Depths:1 | Noticed a caustic shrike
 36846 | Depths:1 | Killed a caustic shrike
 36870 | Depths:1 | Noticed Mara
 36877 | Depths:1 | Killed Mara
 36965 | Depths:1 | Identified the +1 ring mail "Iskul" {Will- Str+5 Dex+5}
 37000 | Depths:1 | Found a hazy altar of Hepliaklqana.
 37017 | Depths:1 | Found a gateway to Hell.
 37056 | Depths:1 | Found Giown's Assorted Antiques.
 37060 | Depths:1 | Found Gialayn's Antique Weapon Shoppe.
 37062 | Depths:1 | Found Zesi's Antique Weapon Emporium.
 37178 | Depths:1 | Reached skill level 16 in Ice Magic
 37218 | Depths:1 | Found a one-way gate to the infinite horrors of the Abyss.
 37383 | Depths:2 | Found a one-way gate leading to the halls of Pandemonium.
 37547 | Depths:2 | Reached skill level 10 in Stealth
 37588 | Depths:2 | Identified the +2 double sword "Kogaitt" {flame, Fly rCorr
                  | MP-9 Int+7}
 37622 | Depths:2 | Identified the +6 scale mail of the Ant {rF+ rN++ Str-4}
 37643 | Depths:2 | Found a one-way gateway to a ziggurat.
 37699 | Depths:2 | Identified the serpent talisman of Ysiatas {Slay+2}
 37699 | Depths:2 | Noticed Aizul
 37701 | Depths:2 | Killed Aizul
 37705 | Depths:2 | Found a white marble altar of Elyvilon.
 37738 | Depths:2 | Noticed Vv
 37745 | Depths:2 | Killed Vv
 37934 | Depths:2 | Reached skill level 17 in Ice Magic
 37942 | Depths:2 | Reached XP level 23. HP: 160/160 MP: 30/47
 38273 | Depths:2 | Identified the +11 whip "Eschoafy" {heavy, rPois}
 38794 | Elf:3    | Bought 2 potions of experience for 2100 gold pieces
 38794 | Elf:3    | Reached skill level 15 in Spellcasting
 38794 | Elf:3    | Reached skill level 18 in Ice Magic
 38794 | Elf:3    | Reached XP level 24. HP: 166/166 MP: 48/48
 38795 | Elf:3    | Reached XP level 25. HP: 171/171 MP: 48/48
 39262 | Depths:3 | Reached skill level 19 in Ice Magic
 39319 | Depths:3 | Noticed a juggernaut
 39325 | Depths:3 | Killed a juggernaut
 39511 | Depths:3 | Found a sparkling altar of Nemelex Xobeh.
 39606 | Depths:3 | Noticed a juggernaut
 39611 | Depths:3 | Killed a juggernaut
 39711 | Depths:4 | Entered Level 4 of the Depths
 40192 | Depths:4 | Identified the +3 hand axe "Demonbane" {flame, rPois Str+4}
 40791 | Depths:4 | Found a bloodstained altar of Trog.
 40832 | Depths:4 | Found a gate to the Realm of Zot.
 41170 | Slime:1  | Entered Level 1 of the Pits of Slime
 41275 | Slime:2  | Gained mutation: You are weak. (Str -2) [a shining eye]
 41277 | Slime:2  | Gained mutation: Armour fits poorly on your strangely
                  | shaped body. [a shining eye]
 41283 | Slime:2  | Lost mutation: You are weak. (Str -2) [potion of mutation]
 41283 | Slime:2  | Lost mutation: You are somewhat resistant to further
                  | mutation. [potion of mutation]
 41283 | Slime:2  | Gained mutation: Your natural rate of healing is unusually
                  | fast. [potion of mutation]
 41319 | Slime:5  | Entered Level 5 of the Pits of Slime
 41319 | Slime:5  | Identified the staff of Viceiwea {Int+5 SInv Conj}
 41319 | Slime:5  | Identified the +6 leather armour of Indemnity {rN+}
 41319 | Slime:5  | Identified the +1 leather armour of Foolhardiness {+Blink
                  | Dex+9 Slay+6}
 41319 | Slime:5  | Identified the +3 spear of Capital Punishment {heavy,
                  | Str+2}
 41369 | Slime:5  | Found a viscous altar of Jiyva.
 41409 | Slime:5  | Reached skill level 20 in Ice Magic
 41409 | Slime:5  | Reached XP level 26. HP: 180/181 MP: 48/49
 41460 | Slime:5  | Identified the +6 hand axe "Kuatega" {vamp, *Corrode rPois
                  | Will- Int+8}
 41462 | Slime:5  | Identified the +2 pair of gloves "Umoteb" {Dex+3}
 41463 | Slime:5  | Identified the +6 long sword "Adaoll" {spect, rN+ rCorr
                  | Int+2 Dex+4}
 41493 | Slime:5  | Noticed the Royal Jelly
 41537 | Slime:5  | Killed the Royal Jelly
 41606 | Slime:5  | Got a slimy rune of Zot
 41611 | Slime:5  | Acquired 1260 gold pieces
 42735 | Vaults:5 | Entered Level 5 of the Vaults
 42767 | Vaults:5 | Identified the +3 sling of Fury {speed, rPois}
 42888 | Vaults:5 | Noticed Margery
 42888 | Vaults:5 | Identified the +10 dagger "Gokot" {speed, Int+2 Dex+6
                  | Stlth+}
 42892 | Vaults:5 | Identified the +11 short sword of Laceration {freeze,
                  | rCorr}
 42895 | Vaults:5 | Killed Margery
 43143 | Vaults:5 | Identified the staff of the Teaching Gods {rCorr Earth}
 43195 | Vaults:5 | Identified the +0 robe of the Hecatoncheires {rC- Int+6}
 43217 | Vaults:5 | Identified the ring of Vijikauha {Wiz Will+ Dex+6}
 43237 | Vaults:5 | Identified the staff of Transmuting Terror {rN+ Int+3 Dex+3
                  | Necro}
 43375 | Vaults:5 | Identified the +5 war axe of Rawantug {drain, rPois}
 43376 | Vaults:5 | Identified the +5 falchion of the Changing Hawk {venom,
                  | rPois Str+5}
 43376 | Vaults:5 | Found the +8 demon blade "Leech" {evervamp, Harm Drain rN+}
 43382 | Vaults:5 | Identified the staff of the Stoat {rF+ rCorr MP-9 Str+2
                  | Fire}
 43416 | Vaults:5 | Acquired 919 gold pieces
 43453 | Vaults:5 | Identified the +4 battleaxe of Xoleasm {freeze, rElec}
 43476 | Vaults:5 | Noticed an ancient lich
 43480 | Vaults:5 | Killed an ancient lich
 43488 | Vaults:5 | Got a silver rune of Zot
 43538 | Vaults:5 | Learned a level 8 spell: Ignition
 43695 | Vaults:3 | Found a staircase to the Crypt.
 43699 | Crypt:1  | Entered Level 1 of the Crypt
 43699 | Crypt:1  | Noticed Xtahua
 43702 | Crypt:1  | Killed Xtahua
 43703 | Crypt:1  | Reached skill level 5 in Fire Magic
 43703 | Crypt:1  | Reached XP level 27. HP: 190/190 MP: 38/53
 44674 | Crypt:2  | Reached skill level 10 in Fire Magic
 44804 | Crypt:3  | Entered Level 3 of the Crypt
 44886 | Crypt:3  | Found a staircase to the Tomb.
 45488 | Crypt:3  | Found a basalt altar of Yredelemnul.
 45489 | Crypt:3  | Noticed a dread lich
 45491 | Crypt:3  | Killed a dread lich
 45525 | Crypt:3  | Found the +16 obsidian axe {drain, demonic, Mesm Drain Fly
                  | SInv}
 45556 | Crypt:3  | Learned a level 7 spell: Haunt
 45959 | Tomb:3   | Identified the "Liaxuv"
 45959 | Tar:7    | Identified the "Ypneuv Xian"
 45959 | Tar:7    | Identified the "Degitez"
 45959 | Geh:7    | Identified the of Baedixy
 45959 | Geh:7    | Identified the "Ciyhe"
 45959 | Pan      | Entered Pandemonium
 45965 | Pan      | Reached skill level 1 in Necromancy
 46151 | Pan      | Reached skill level 5 in Necromancy
 46154 | Pan      | Noticed Puzidwit the pandemonium lord
 46158 | Pan      | Killed Puzidwit the pandemonium lord
 46225 | Pan      | Entered the realm of Gloorx Vloq.
 46316 | Pan      | Identified the +0 ring mail of Hopscotch {rF++ Stlth+}
 46826 | Pan      | Noticed Gloorx Vloq
 46836 | Pan      | Killed Gloorx Vloq
 46874 | Pan      | Identified the cursed +2 cloak "Restrained Together"
                  | {Will+, Range, Self} (You found it on level 1 of the Snake
                  | Pit)
 46889 | Pan      | Got a dark rune of Zot
 47033 | Pan      | Identified the "Olankuf"
 47033 | Pan      | Identified the "Biuhuj"
 47033 | Pan      | Entered the realm of Cerebov.
 47056 | Pan      | Found an exit through the horrors of the Abyss.
 47496 | Pan      | Found the +6 sword of Cerebov {flame}
 47496 | Pan      | Noticed Cerebov
 47522 | Pan      | Identified the amulet of Loghourasu {Acrobat rN++ Regen+
                  | Str+3 SInv}
 47551 | Pan      | Killed Cerebov
 47552 | Pan      | Reached skill level 15 in Stealth
 47639 | Pan      | Identified the +1 ring mail "Ruowna" {Dex+5 Slay-6}
 47653 | Pan      | Identified the staff "Liawiec" {rF+ rC++ Str+7 Int+3 Fire}
 47687 | Pan      | Got a fiery rune of Zot
 47888 | Pan      | Found an exit through the horrors of the Abyss.
 47964 | Pan      | Reached skill level 21 in Ice Magic
 47974 | Pan      | Noticed Mennas
 47979 | Pan      | Killed Mennas
 48378 | Pan      | Reached skill level 10 in Armour
 48421 | Pan      | Noticed Wuobb the pandemonium lord
 48433 | Pan      | Killed Wuobb the pandemonium lord
 48570 | Pan      | Got a demonic rune of Zot
 48646 | Pan      | Entered the realm of Mnoleg.
 48646 | Pan      | Noticed Mnoleg
 48649 | Pan      | Got a glowing rune of Zot
 48649 | Pan      | Gained mutation: You occasionally lose the ability to read
                  | scrolls when taking damage. [a neqoxec]
 48723 | Pan      | Entered the realm of Lom Lobon.
 49308 | Pan      | Noticed Lom Lobon
 49423 | Pan      | Killed Lom Lobon
 49430 | Pan      | Got a magical rune of Zot
 49527 | Depths:2 | Escaped Pandemonium
 49575 | Depths:1 | Voluntarily entered the Abyss.
 49726 | Abyss:3  | Found a corrupted altar of Lugonu.
 49860 | Abyss:4  | Found a sacrificial altar of Ru.
 49958 | Abyss:4  | Got an abyssal rune of Zot
 49962 | Depths:1 | Escaped the Abyss
 50057 | Hell     | Entered the Vestibule of Hell
 50064 | Hell     | Noticed Geryon
 50077 | Hell     | Killed Geryon
 50121 | Hell     | Found a gateway to the ashen valley of Gehenna.
 50166 | Hell     | Found a gateway to the Iron City of Dis.
 50222 | Hell     | Found a gateway to the freezing wastes of Cocytus.
 50294 | Hell     | Found a gateway to the decaying netherworld of Tartarus.
 50346 | Geh:1    | Entered Level 1 of Gehenna
 50396 | Geh:2    | Noticed an ancient lich
 50400 | Geh:2    | Killed an ancient lich
 51233 | Geh:6    | Reached skill level 15 in Fire Magic
 51353 | Geh:7    | Entered Level 7 of Gehenna
 51532 | Geh:7    | Reached skill level 22 in Ice Magic
 52115 | Geh:7    | Identified the +3 ring mail "Womoz" {-Tele rF+ rN+ Int+5}
 52116 | Geh:7    | Identified the +4 broad axe of Experimentation {flame,
                  | Str+3}
 52326 | Geh:7    | Found the +13 sceptre of Asmodeus
 52326 | Geh:7    | Noticed Asmodeus
 52334 | Geh:7    | Killed Asmodeus
 52336 | Geh:7    | Found the +6 Majin-Bo {spellvamp, MP+6 Int+6}
 52354 | Geh:7    | Identified the +7 trident "Holueroe" {spect, *Corrode rC++
                  | MP+9 SInv}
 52354 | Geh:7    | Identified the +1 mace of Ronec {flame, Will+ Int+4}
 52354 | Geh:7    | Identified the +3 dagger "Besatug" {drain, Dex+5 Stlth+}
 52355 | Geh:7    | Found the +8 arc blade {discharge, rElec}
 52355 | Geh:7    | Identified the +6 scimitar "Peiv" {venom, Int+2}
 52394 | Geh:7    | Got an obsidian rune of Zot
 52612 | Coc:1    | Entered Level 1 of Cocytus
 53000 | Coc:4    | Reached skill level 15 in Hexes
 53076 | Coc:5    | Noticed an ancient lich
 53083 | Coc:5    | Killed an ancient lich
 53461 | Coc:7    | Entered Level 7 of Cocytus
 53465 | Coc:7    | Paralysed by a wendigo for 1 turns
 54127 | Coc:7    | Identified the staff of the Original Sin {Fly rN+ Will+
                  | SInv Necro Air}
 54127 | Coc:7    | Noticed Antaeus
 54144 | Coc:7    | Killed Antaeus
 54189 | Coc:7    | Got an icy rune of Zot
 54286 | Tar:1    | Entered Level 1 of Tartarus
 54906 | Tar:5    | HP: 6/199 [tainted leviathan/large rock (35)]
 55127 | Tar:6    | Noticed an ancient lich
 55129 | Tar:6    | Noticed a royal mummy
 55131 | Tar:6    | Killed an ancient lich
 55132 | Tar:6    | Noticed a dread lich
 55133 | Tar:6    | Killed a dread lich
 55133 | Tar:6    | Killed a royal mummy
 55134 | Tar:6    | Reached skill level 5 in Earth Magic
 55199 | Tar:7    | Entered Level 7 of Tartarus
 55485 | Tar:7    | Learned a level 9 spell: Fire Storm
 55517 | Tar:7    | Reached skill level 1 in Conjurations
 55657 | Tar:7    | Reached skill level 5 in Conjurations
 55877 | Tar:7    | Identified the +2 ring mail "Fuqutza" {Harm Str+7 Int-5
                  | Dex+2}
 56200 | Tar:7    | Reached skill level 10 in Conjurations
 56285 | Tar:7    | Noticed the Serpent of Hell
 56293 | Tar:7    | Killed the Serpent of Hell
 56507 | Tar:7    | Noticed an ancient lich
 56510 | Tar:7    | Killed an ancient lich
 56562 | Tar:7    | Noticed a dread lich
 56566 | Tar:7    | Killed a dread lich
 56578 | Tar:7    | Identified the +3 long sword "Couh" {flame, *Noise +Blink
                  | Int+2}
 56579 | Tar:7    | Identified the +8 hand axe "Plog" {venom, rPois MP+9 Str-5
                  | Stlth+}
 56580 | Tar:7    | Identified the ring "Ucwyoz" {rC+ rCorr Int+3 Stlth+}
 56583 | Tar:7    | Identified the +10 arbalest of Earthquakes {antimagic,
                  | rCorr Str-5 Int+3}
 56741 | Tar:7    | Noticed an ancient lich
 56746 | Tar:7    | Killed an ancient lich
 56836 | Tar:7    | Noticed an ancient lich
 56838 | Tar:7    | Killed an ancient lich
 56839 | Tar:7    | Reached skill level 15 in Conjurations
 57061 | Tar:7    | Noticed Ereshkigal
 57074 | Tar:7    | Killed Ereshkigal
 57083 | Tar:7    | Identified the staff "Magigum" {rPois rF+ Dex+2 Earth
                  | Poison}
 57141 | Tar:7    | Got a bone rune of Zot
 57162 | Tar:7    | Identified the +2 plate armour "Jyxa" {rF+ rC- Dex+5}
 57276 | Dis:1    | Entered Level 1 of the Iron City of Dis
 57475 | Dis:3    | Noticed a dread lich
 57478 | Dis:3    | Killed a dread lich
 57889 | Dis:7    | Entered Level 7 of the Iron City of Dis
 57895 | Dis:7    | Reached skill level 15 in Summonings
 58172 | Dis:7    | Identified the +0 battleaxe "Nairud" {heavy, rF+ SInv}
 58273 | Dis:7    | Noticed a juggernaut
 58282 | Dis:7    | Killed a juggernaut
 58579 | Dis:7    | Noticed a juggernaut
 58584 | Dis:7    | Killed a juggernaut
 58673 | Dis:7    | Learned a level 8 spell: Borgnjor's Revivification
 58729 | Dis:7    | Identified the +10 short sword of Scorn {heavy, *Noise
                  | rElec rPois SInv}
 58729 | Dis:7    | Identified the +0 ring mail of Distant Worlds {Contam
                  | +Blink MP+9}
 58910 | Dis:7    | Noticed a juggernaut
 58919 | Dis:7    | Killed a juggernaut
 59112 | Dis:7    | Reached skill level 10 in Necromancy
 59687 | Dis:7    | Noticed Dispater
 59701 | Dis:7    | Killed Dispater
 59756 | Dis:7    | Identified the +8 shortbow of Fundamental Breach {elec,
                  | Will+ rCorr Str-2}
 59756 | Dis:7    | Found the orb of Dispater {+Damnation *Corrode AC+5}
 59781 | Dis:7    | Got an iron rune of Zot
 59960 | Zot:1    | Entered Level 1 of the Realm of Zot
 60258 | Zot:3    | Identified the +0 helmet "Unetatit" {Int+3 Stlth+}
 60344 | Zot:3    | Noticed an orb of fire
 60820 | Tomb:1   | Entered Level 1 of the Tomb of the Ancients
 61166 | Tomb:1   | Noticed a royal mummy
 61169 | Tomb:1   | Killed a royal mummy
 61292 | Tomb:1   | Identified the +3 rapier of Arrival {freeze, *Slow rF++
                  | Will++}
 61641 | Tomb:1   | Noticed a royal mummy
 61662 | Tomb:1   | Killed a royal mummy
 61809 | Tomb:2   | Noticed a royal mummy
 61809 | Tomb:2   | Noticed a royal mummy
 61809 | Tomb:2   | Noticed a royal mummy
 61809 | Tomb:2   | Noticed a royal mummy
 61818 | Tomb:2   | Killed a royal mummy
 61821 | Tomb:2   | Killed a royal mummy
 61829 | Tomb:2   | Killed a royal mummy
 61836 | Tomb:2   | Killed a royal mummy
 62244 | Tomb:1   | Noticed a royal mummy
 62247 | Tomb:1   | Killed a royal mummy
 62377 | Tomb:1   | Noticed a royal mummy
 62386 | Tomb:1   | Killed a royal mummy
 62409 | Tomb:1   | Noticed a royal mummy
 62412 | Tomb:1   | Killed a royal mummy
 62430 | Tomb:1   | Noticed a royal mummy
 62434 | Tomb:1   | Noticed a royal mummy
 62435 | Tomb:1   | Killed a royal mummy
 62439 | Tomb:1   | Killed a royal mummy
 62459 | Tomb:1   | Noticed a royal mummy
 62462 | Tomb:1   | Killed a royal mummy
 62463 | Tomb:1   | Noticed a royal mummy
 62466 | Tomb:1   | Killed a royal mummy
 62595 | Tomb:1   | Noticed a royal mummy
 62597 | Tomb:1   | Killed a royal mummy
 62650 | Tomb:1   | Noticed a royal mummy
 62652 | Tomb:1   | Killed a royal mummy
 62659 | Tomb:1   | Noticed a royal mummy
 62663 | Tomb:1   | Killed a royal mummy
 62746 | Tomb:1   | Noticed a royal mummy
 62753 | Tomb:1   | Killed a royal mummy
 62760 | Tomb:1   | Noticed a royal mummy
 62766 | Tomb:1   | Killed a royal mummy
 62917 | Tomb:1   | Noticed a royal mummy
 62918 | Tomb:1   | Noticed a royal mummy
 62922 | Tomb:1   | Killed a royal mummy
 62923 | Tomb:1   | Killed a royal mummy
 62923 | Tomb:1   | Noticed a royal mummy
 62955 | Tomb:1   | Noticed a royal mummy
 62959 | Tomb:1   | Killed a royal mummy
 63277 | Tomb:1   | Noticed a royal mummy
 63283 | Tomb:1   | Killed a royal mummy
 63363 | Tomb:1   | Noticed a royal mummy
 63368 | Tomb:1   | Killed a royal mummy
 63444 | Tomb:1   | Killed a royal mummy
 63505 | Tomb:1   | Noticed a royal mummy
 63509 | Tomb:1   | Killed a royal mummy
 63554 | Tomb:1   | Noticed a royal mummy
 63557 | Tomb:1   | Killed a royal mummy
 63608 | Tomb:1   | Noticed a royal mummy
 63610 | Tomb:1   | Killed a royal mummy
 63612 | Tomb:1   | Noticed a royal mummy
 63615 | Tomb:1   | Killed a royal mummy
 64419 | Tomb:3   | Entered Level 3 of the Tomb of the Ancients
 64427 | Tomb:3   | Found the ring of the Tortoise {AC+8}
 64461 | Tomb:3   | Noticed a royal mummy
 64469 | Tomb:3   | Killed a royal mummy
 64479 | Tomb:3   | Noticed a royal mummy
 64484 | Tomb:3   | Killed a royal mummy
 64658 | Tomb:3   | Noticed a royal mummy
 64664 | Tomb:3   | Killed a royal mummy
 64665 | Tomb:3   | HP: 6/199 [poison (dark miasma)]
 64666 | Tomb:2   | HP: 1/199 [poison (dark miasma)]
 64836 | Tomb:3   | Noticed a royal mummy
 64846 | Tomb:3   | Killed a royal mummy
 64848 | Tomb:3   | Noticed a royal mummy
 64853 | Tomb:3   | Killed a royal mummy
 64860 | Tomb:3   | Noticed a royal mummy
 64862 | Tomb:3   | Killed a royal mummy
 64868 | Tomb:3   | Noticed a royal mummy
 64999 | Tomb:3   | Noticed a royal mummy
 65004 | Tomb:3   | Identified the +5 war axe "Maimaq" {heavy, rC+ rCorr}
 65008 | Tomb:3   | Identified the +9 flail of the Fray {freeze, Fragile rElec
                  | rN+ Str+5}
 65011 | Tomb:3   | Killed a royal mummy
 65138 | Tomb:3   | Noticed a royal mummy
 65160 | Tomb:3   | Got a golden rune of Zot
 65807 | Zot:5    | Entered Level 5 of the Realm of Zot
 65858 | Zot:5    | Reached skill level 23 in Ice Magic
 66042 | Zot:5    | Noticed a dread lich
 66045 | Zot:5    | Killed a dread lich
 66056 | Zot:5    | Noticed an orb of fire
 66069 | Zot:5    | Gained mutation: You occasionally lose the ability to drink
                  | potions when taking damage. [an orb of fire]
 66070 | Zot:5    | Killed an orb of fire
 66071 | Zot:5    | Lost mutation: You occasionally lose the ability to read
                  | scrolls when taking damage. [potion of mutation]
 66071 | Zot:5    | Lost mutation: Armour fits poorly on your strangely shaped
                  | body. [potion of mutation]
 66071 | Zot:5    | Gained mutation: You have large cloven feet. [potion of
                  | mutation]
 66071 | Zot:5    | Gained mutation: Armour fits poorly on your strangely
                  | shaped body. [potion of mutation]
 66119 | Zot:5    | Noticed an ancient lich
 66126 | Zot:5    | Killed an ancient lich
 66127 | Zot:5    | Reached skill level 24 in Ice Magic
 66135 | Zot:5    | Noticed an ancient lich
 66140 | Zot:5    | Killed an ancient lich
 66272 | Zot:5    | Noticed a dread lich
 66274 | Zot:5    | Noticed an ancient lich
 66275 | Zot:5    | Killed a dread lich
 66278 | Zot:5    | Killed an ancient lich
 66310 | Zot:5    | Reached skill level 25 in Ice Magic
 66446 | Zot:5    | Got the Orb of Zot
 66447 | Zot:5    | Noticed an orb of fire
 66499 | Zot:5    | Gained mutation: You are dopey. (Int -2) [an orb of fire]
 66500 | Zot:5    | Killed an orb of fire
 66946 | D:4      | Noticed Setuwk the pandemonium lord
 66952 | D:4      | Killed Setuwk the pandemonium lord
 67025 | D:$      | Escaped with the Orb!

Illustrated notes

Levels and vault maps discovered:
D:1:      matt_arrival_grand_opening, layout_loops_ring
D:2:      layout_basic
D:3:      minmay_goblin_kobold_castle, layout_basic
D:4:      layout_basic
D:5:      layout_basic, hangedman_ru_absence, item_on_display_a
D:6:      layout_rooms, mainiacjoe_overflow_alcove_3, minmay_temple_entry_ruins,
          chequers_serial_rivers_large_a, minivault_11, uniq_sigmund
D:7:      layout_layer_cave, lemuel_round_altar,
          gammafunk_ghost_wrathful_warriors
D:8:      layout_rooms, dpeg_lair_monsters, minmay_lizard_king,
          uniq_prince_ribbit1
D:9:      layout_roguey [special_room_kobold]
D:10:     layout_irregular_city, eino_small_chamber_without_monster
D:11:     layout_irregular_city
D:12:     layout_loops_ring, orc_0_dummy, roderic_roman_lattice, uniq_lodul
D:13:     layout_rooms, hellmonk_vaults_keyhole, serial_shops,
          kennysheep_little_box, due_unseen_surprise
D:14:     layout_rooms, serial_park_square2, uniq_josephine
D:15:     grunt_enter_depths_hoard, layout_small_grid, serial_park_tiny_1,
          uniq_nessos
Temple:   nicolae_temple_slightly_damp_pantheon
Lair:1:   layout_cave_pods, serial_bayou_shore_b
Lair:2:   layout_cellular_growth, uniq_erica, uniq_nergalle
Lair:3:   hellmonk_ruined_rings, layout_gridlike,
          mainiacjoe_shoals_entry_four_pools, guppyfry_snake_entry_garden
Lair:4:   layout_cave_pods
Lair:5:   gammafunk_lair_ancient_temple, layout_cave_shapes,
          nicolae_slime_entry_slimehenge, chequers_serial_rivers_micro_a
Shoals:1: layout_shoals, st_cyclops
Shoals:2: layout_shoals, serial_shops, bzr_entry_islet, yaktaur_hedge,
          uniq_ilsuiw
Shoals:3: layout_shoals, ebering_ghost_reflecting_pool, serial_shops, shop,
          uniq_louise
Shoals:4: shoals_end_simple, layout_shoals, uniq_nikola, uniq_polyphemus
Snake:1:  gammafunk_sealed_library, layout_concentric_octagons,
          nicolae_snake_shapes, minmay_shoptagon, uniq_azrael
Snake:2:  layout_layer_cave, drop_trap, st_stairs_3
Snake:3:  layout_basic, st_stairs_13, nicolae_snake_snakes_in_the_grass,
          uniq_asterion, uniq_vashnia, uniq_mlioglotl
Snake:4:  grunt_snake_rune_serpentine_throne, layout_gridlike,
          nicolae_snake_storage_room
Slime:1:  layout_caves
Slime:2:  nicolae_slime_infinislime, layout_caves
Slime:3:  layout_caves
Slime:4:  layout_caves
Slime:5:  slime_pit_nicolae_jellycorners
Orc:1:    layout_caves
Orc:2:    st_orc_elflike, layout_caves, gammafunk_ghost_necromancy, basic_altar,
          nicolae_orc_lava_tube
Elf:1:    nicolae_elf_arrival_fired_up, layout_rooms, serial_shops,
          bzr_in_the_mist, minmay_elf_sorcery,
          serial_library_hellmonk_metal_room
Elf:2:    nicolae_elf_blades_splatter_lattice
          [nicolae_blade_entry_floor_patterns], layout_geoelf_octagon,
          serial_shops, nicolae_shop_bloodbath_and_beyond, ebering_ghost_xom
Elf:3:    grunt_elf_hall_spiral, layout_rooms, serial_shops,
          nicolae_shop_hallway_plus, shop, nicolae_shop_tiny_real_fake_doors,
          shop
Vaults:1: nicolae_vaults_house_3, nicolae_vaults_storage_closets_2,
          nicolae_vaults_diagonal_hallway_9, ontoclasm_vaults_gateway,
          nicolae_vaults_little_squares_2, ontoclasm_vaults_ring_square,
          nicolae_vaults_tangram_2, ontoclasm_vaults_loading_screen,
          vaults_room_boxed, nicolae_vaults_wrenched, v_misc_31,
          vaults_room_hallway, nicolae_vaults_frosty_reception, v_misc_29,
          layout_vaults_maze, uniq_saint_roka
Vaults:2: nicolae_vaults_security_offices_2, nicolae_vaults_network_periphery,
          nicolae_vaults_alarming, hangedman_vaults_capsules,
          ontoclasm_vaults_spin, vaults_mumra_minichess_inversion,
          vaults_room_pool, ontoclasm_vaults_misaligned,
          hangedman_vaults_stream, v_misc_16, nicolae_vaults_house_1,
          vaults_dpeg_emergency_exit, layout_vaults_big_cross, uniq_zenata,
          uniq_bai_suzhen
Vaults:3: portal_desolation_entry_nicolae_slug, nicolae_vaults_theta,
          v_pattern_5, vaults_dpeg_encased_lava,
          nicolae_vaults_layer_cake_slice, vaults_room_guarded_vault,
          nicolae_vaults_tangram_1, nicolae_vaults_tetromino_Z_1,
          layout_vaults_quadrants, minmay_crypt_entry_skeletal_spiral,
          uniq_jory, uniq_donald
Vaults:4: vaults_room_octagon, nicolae_vaults_offset_grid_hallway_1,
          nicolae_vaults_ninety_degrees, vaults_room_fancy_cross, v_misc_16,
          ontoclasm_vaults_eye, nicolae_vaults_closet_pinwheel_3, v_rooms_4,
          vaults_dpeg_diagonal, hangedman_vaults_hat, grunt_tower_of_power,
          nicolae_vaults_network_square, nicolae_vaults_angled_halls,
          layout_vaults_omnibox
Vaults:5: serial_shops, uniq_margery
Crypt:1:  layout_gridlike, uniq_josephina, uniq_xtahua
Crypt:2:  layout_chaotic_city, minivault_19, grunt_megastairs_5, lemuel_elevator
Crypt:3:  cryptofortress_bobbens
Tomb:1
Tomb:2
Tomb:3
Depths:1: nicolae_legendary_halls, layout_basic, grunt_decor_mini_mirrors,
          abyss_entry, grunt_metal_band, nzn_hepliaklqana_mist_gate,
          serial_bayou_shore_b, minmay_shop_star, uniq_mara
Depths:2: four-leaf_vault, layout_gridlike, enter_ziggurat_b,
          grunt_hell_entry_dis_old, elyvilon_altar_3, pan_entry,
          nicolae_rock_paper_scissors, uniq_aizul, uniq_vv
Depths:3: hangedman_arch_fort, layout_basic, abyss_entry, nemelex_altar_shiori,
          hell_entry, infiniplex_staircase_zigzag_4, serial_bayou_shore_b
Depths:4: grunt_crosshair, layout_cave_pools, minmay_misc_feat_tiny, hell_entry,
          bloody_trog, grunt_megastairs_2
Hell
Dis:1:    hangedman_dis_decor_blocks_talon, layout_regular_city
Dis:2:    layout_jigsaw
Dis:3:    layout_gridville
Dis:4:    layout_regular_city
Dis:5:    layout_regular_city, hangedman_dis_chains
Dis:6:    layout_regular_city, nicolae_hells_hurtin_island
Dis:7:    dis_grunt_layers
Geh:1:    layout_gehenna_pools_triple
Geh:2:    layout_gehenna_pools_basic
Geh:3:    layout_gehenna_pools_box
Geh:4:    layout_gehenna_pools_triple, lemuel_flamethrower_2
Geh:5:    layout_gehenna_lava_caves, hangedman_hellfire_club
Geh:6:    layout_gehenna_pools_triple
Geh:7:    geh_mu
Coc:1:    layout_cocytus_delve
Coc:2:    layout_cocytus_delve
Coc:3:    layout_cocytus_water_paths
Coc:4:    layout_cocytus_delve
Coc:5:    layout_cocytus_delve
Coc:6:    layout_cocytus_delve
Coc:7:    coc_grunt_cove [coc_grunt_cove_antaeus, coc_grunt_cove_fiend,
          coc_grunt_cove_fiend, coc_grunt_cove_fiend, coc_grunt_cove_fiend]
Tar:1:    layout_grid_maze
Tar:2:    layout_grid_maze, nicolae_hells_seeping_fissure
Tar:3:    nicolae_tar_intersect_combbox, layout_cathedral_of_symmetry
Tar:4:    nicolae_tar_funeral_procession, layout_cathedral_of_symmetry
Tar:5:    layout_cathedral_of_symmetry
Tar:6:    hangedman_restless_catacombs
Tar:7:    tar_grunt_cathedral
Zot:1:    layout_basic, regret_index_zotdec_slimy_original
Zot:2:    layout_gridlike, skrybe_zot_glass_1, grunt_megastairs_1
Zot:3:    layout_gridlike, regret_index_zotdec_twisting_globes
Zot:4:    dreamdust_zin_vs_xom, layout_basic
Zot:5:    layout_basic

Skill      XL: |  1  2  3  4  5  6  7  8  9 10 11 12 13 14 15 16 17 18 19 20 21 22 23 24 25 26 27 |
---------------+----------------------------------------------------------------------------------+-----
Ranged Weapons | 3 4 5 7 8 9 11 12 14 15 16 18 19 20 22 | 22.8
Hexes          | 6 7 8 10 12 16 | 16.5
Fighting       | 1 4 5 6 7 9 10 12 13 15 16 18 21 | 21.7
Stealth        | 3 6 8 10 12 22 | 22.7
Fire Magic     | 2 5 24 | 24.0
Dodging        | 5 7 9 13 15 16 18 19 20 22 | 22.7
Evocations     | 1 2 3 6 7 9 10 14 | 14.9
Translocations | 3 4 6 14 | 14.5
Spellcasting   | 5 6 7 12 13 15 19 21 | 21.9
Summonings     | 1 3 4 5 8 10 15 | 15.6
Earth Magic    | 2 3 7 |  7.4
Armour         | 4 5 6 7 8 14 | 14.1
Ice Magic      | 11 13 17 18 20 25 | 25.3
Necromancy     | 13 | 13.6
Conjurations   | 21 | 21.4

Action                     |  1- 3 |  4- 6 |  7- 9 | 10-12 | 13-15 | 16-18 | 19-21 | 22-24 | 25-27 || total
---------------------------+-------+-------+-------+-------+-------+-------+-------+-------+-------++-------
   Fire: Sling             |    93 |   206 |    36 |       |       |       |       |       |       ||   335
         Shortbow          |       |       |   162 |   548 |   626 |   251 |       |       |       ||  1587
         Arbalest          |       |       |       |       |       |   752 |   808 |       |       ||  1560
         Heavy crossbow    |       |       |       |       |       |       |   280 |   238 |  2656 ||  3174
  Throw: Dart              |       |       |       |       |       |       |     4 |       |     1 ||     5
         Throwing net      |       |       |       |       |       |       |     1 |       |       ||     1
   Cast: Jinxbite          |     2 |     7 |       |       |       |       |       |       |       ||     9
         Sigil of Binding  |       |     1 |    10 |    15 |     5 |     1 |       |       |       ||    32
         Inner Flame       |       |       |    23 |    65 |    97 |    74 |     4 |     1 |       ||   264
         Dimensional Bulls |       |       |       |     5 |    13 |    29 |    38 |    31 |    87 ||   203
         Cause Fear        |       |       |       |     1 |       |    11 |       |       |       ||    12
         Summon Small Mamm |       |       |       |     8 |     3 |       |       |       |       ||    11
         Leda's Liquefacti |       |       |       |       |     4 |    20 |    32 |     5 |    46 ||   107
         Apportation       |       |       |       |       |     2 |     7 |    24 |    14 |    38 ||    85
         Call Canine Famil |       |       |       |       |       |    52 |     4 |       |       ||    56
         Summon Forest     |       |       |       |       |       |     7 |    34 |     3 |     2 ||    46
         Ozocubu's Refrige |       |       |       |       |       |       |     4 |       |    60 ||    64
         Malign Gateway    |       |       |       |       |       |       |       |     3 |    66 ||    69
         Polar Vortex      |       |       |       |       |       |       |       |       |    48 ||    48
         Ignition          |       |       |       |       |       |       |       |       |    61 ||    61
         Fire Storm        |       |       |       |       |       |       |       |       |    37 ||    37
         Disjunction       |       |       |       |       |       |       |       |       |    18 ||    18
         Haunt             |       |       |       |       |       |       |       |       |     7 ||     7
 Invoke: Curse Item        |       |       |     3 |     5 |     2 |     5 |     3 |     2 |     2 ||    22
         Shatter the Chain |       |       |       |     1 |     2 |     3 |     5 |       |     2 ||    13
Ability: Evoke Blink       |       |       |       |       |       |       |       |       |    27 ||    27
  Evoke: Wand              |       |       |     2 |    20 |     6 |    25 |    13 |     1 |    24 ||    91
         Horn of Geryon    |       |       |       |       |       |       |       |       |     9 ||     9
         Box of beasts     |       |       |       |       |       |       |       |       |     9 ||     9
         Phial of floods   |       |       |       |       |       |       |       |       |     3 ||     3
         Phantom mirror    |       |       |       |       |       |       |       |       |     2 ||     2
    Use: Potion            |     2 |     2 |     3 |     1 |     4 |    17 |     1 |     2 |    64 ||    96
         Scroll            |       |     5 |     8 |     1 |     5 |    16 |     7 |       |    44 ||    86
 Armour: Robe              |    18 |    39 |    15 |    47 |   107 |   286 |   165 |    31 |    79 ||   787
         Leather armour    |       |       |       |       |       |       |       |       |   643 ||   643
         Skin              |       |       |       |       |       |       |       |       |    11 ||    11
  Dodge: Dodged            |    23 |    50 |    29 |   130 |   237 |   719 |   396 |    76 |  1491 ||  3151
  Block: Other             |       |       |       |       |       |       |    28 |       |       ||    28
         Reflection        |       |       |       |       |       |       |     3 |       |       ||     3

Table legend: (Time is in decaauts)
 A = Elapsed time spent in this place.
 B = Non-inter-level travel time spent in this place.
 C = Inter-level travel time spent in this place.
 D = Time resting spent in this place.
 E = Time spent auto-exploring this place.
 F = Levels seen in this place.
 G = Mean time per level.
                   A        B        C        D        E       F      G
               +--------+--------+--------+--------+--------+-----+--------+
         Total |  69821 |  64642 |   5179 |  18552 |    174 | 109 |  640.6 |
       Dungeon |  11016 |   9346 |   1670 |   1138 |    133 |  15 |  734.4 |
        Temple |     38 |     38 |      0 |      0 |      0 |   1 |   38.0 |
          Lair |   5568 |   5196 |    372 |   2094 |      0 |   5 | 1113.6 |
        Shoals |   7883 |   7779 |    104 |   4864 |      0 |   4 | 1970.8 |
     Snake Pit |   4740 |   4590 |    150 |   1826 |      0 |   4 | 1185.0 |
    Slime Pits |   1347 |   1347 |      0 |     93 |      0 |   5 |  269.4 |
  Orcish Mines |   1451 |   1293 |    158 |    276 |      0 |   2 |  725.5 |
   Elven Halls |   2603 |   2343 |    260 |    597 |      0 |   3 |  867.7 |
        Vaults |   5521 |   4840 |    681 |    612 |      0 |   5 | 1104.2 |
         Crypt |   2319 |   2045 |    274 |    383 |      0 |   3 |  773.0 |
          Tomb |   4790 |   4237 |    553 |   2134 |      0 |   3 | 1596.7 |
        Depths |   4520 |   3956 |    564 |   1103 |     41 |   4 | 1130.0 |
          Hell |    497 |    472 |     25 |     16 |      0 |   1 |  497.0 |
           Dis |   2819 |   2739 |     80 |    832 |      0 |   7 |  402.7 |
       Gehenna |   2441 |   2283 |    158 |    514 |      0 |   7 |  348.7 |
       Cocytus |   1880 |   1838 |     42 |    439 |      0 |   7 |  268.6 |
      Tartarus |   3196 |   3142 |     54 |    718 |      0 |   7 |  456.6 |
           Zot |   1604 |   1572 |     32 |    243 |      0 |   5 |  320.8 |
         Abyss |    745 |    745 |      0 |     62 |      0 |   4 |  186.2 |
   Pandemonium |   3901 |   3901 |      0 |    443 |      0 |  14 |  278.6 |
        Bazaar |    110 |    110 |      0 |      0 |      0 |   2 |   55.0 |
    Desolation |    823 |    823 |      0 |    158 |      0 |   1 |  823.0 |
               +--------+--------+--------+--------+--------+-----+--------+

Top non-repeatable levels by time:
Shoals:3: 4677 daAuts
  Tomb:1: 3224 daAuts
   Tar:7: 2182 daAuts
   Dis:7: 2145 daAuts
  Lair:4: 1515 daAuts
Vaults:3: 1432 daAuts
Depths:2: 1378 daAuts
 Snake:2: 1342 daAuts
   Geh:7: 1325 daAuts
  Tomb:2: 1324 daAuts
 Snake:4: 1292 daAuts
  Lair:1: 1228 daAuts
Vaults:1: 1155 daAuts
Shoals:2: 1134 daAuts
  Lair:2: 1110 daAuts
